[Event "3rd VIZAG GM-Open 2022"]
[Site "Visakapatnam"]
[Date "2022.06.16"]
[Round "9.16"]
[White "Weerawardane, Romesh"]
[Black "Konguvel, Ponnuswamy"]
[Result "0-1"]
[ECO "A26"]
[WhiteElo "2027"]
[BlackElo "2331"]
[Annotator "TA"]
[PlyCount "66"]
[EventDate "2022.06.13"]
[EventType "swiss"]
[EventCountry "IND"]
[SourceTitle "playchess.com"]
[Source "ChessBase"]
[SourceQuality "1"]
[TimeControl "5400+30"]

1. Nf3 Nf6 2. g3 g6 3. Bg2 Bg7 4. O-O O-O 5. c4 d6 6. Nc3 e5 7. d3 Nc6 8. Rb1 h6 9. b4 a6 10. a4 Be6 11. b5 axb5 12. axb5 Ne7 13. Bb2 c6 {[%emt 0:07:35] A26: English Opening vs King's Indian with ...Nc6 and d3.} 14. c5 {[%emt 0:07:01] [#]} ({White should play} 14. bxc6 $14 bxc6 15. c5) 14... dxc5 $146 ({Predecessor:} 14... Nfd5 15. Ne4 dxc5 16. Nxc5 Bc8 17. Qb3 b6 18. Ne4 Be6 19. Bxe5 Bxe5 20. Nxe5 Nf4 21. Qb2 Nxg2 {1-0 (38) Anurag,M (2499)-Bobadilla Viera,J (2287) Chess.com INT 2020}) 15. Nxe5 cxb5 {[%emt 0:00:05] The position is equal.} 16. Nxb5 Ba2 $1 17. Ra1 ({Wrong is} 17. Bxb7 $2 Rb8 18. Rc1 Qb6 $19) (17. Qc2 $11 {keeps the balance.}) 17... Qb6 $17 18. Ba3 Qxb5 19. Rxa2 {[%emt 0:01:37] Strongly threatening Rb2.} Nfd5 20. Rb2 Qa6 21. Bxc5 {[%emt 0:00:42] d4 is the strong threat.} Bxe5 22. d4 (22. Bxe7 $142 Nxe7 23. d4) 22... Bd6 23. Bxd6 Qxd6 24. Rxb7 Rab8 25. Rxb8 Rxb8 ({Worse is} 25... Qxb8 26. Qd2 $17) 26. e4 $2 (26. Qd2 $17) 26... Nc3 $19 27. Qd2 {[%emt 0:00:08] [#]} Qxd4 28. Qxh6 (28. Qxd4 {is a better defense.} Ne2+ 29. Kh1 Nxd4 30. Rd1) 28... Nc6 29. Re1 (29. e5 $142 Nxe5 30. Qe3) 29... Rb2 30. Qe3 Qxe3 31. fxe3 Ne5 {[%emt 0:00:28] Black is clearly winning.} 32. h3 Ne2+ 33. Kh2 {[%emt 0:00:05] [#]} Nf4 $1 {[%emt 0:00:16][%mdl 512] Black took control after the opening.  Weighted Error Value: White=0.53/Black=0.11 (very precise)} 0-1

[Event "3rd VIZAG GM-Open 2022"]
[Site "Visakapatnam"]
[Date "2022.06.16"]
[Round "9.17"]
[White "Pawar, Harshit"]
[Black "Aradhya, Garg"]
[Result "1-0"]
[ECO "A33"]
[WhiteElo "1961"]
[BlackElo "2275"]
[Annotator "TA"]
[PlyCount "153"]
[EventDate "2022.06.13"]
[EventType "swiss"]
[EventCountry "IND"]
[SourceTitle "playchess.com"]
[Source "ChessBase"]
[SourceQuality "1"]
[TimeControl "5400+30"]

1. Nf3 d5 2. e3 c5 3. d4 Nf6 4. c4 e6 5. Nc3 cxd4 6. Nxd4 Nc6 7. cxd5 {[%emt 0:12:23] A33: Symmetrical English: 2 Nf3 Nf6 3 d4 cxd4 4 Nxd4 e6 5 Nc3 Nc6.} Nxd5 8. Bb5 Nxc3 9. bxc3 {[%emt 0:00:10] The position is equal.} Bd7 10. Nxc6 bxc6 {[%emt 0:03:47] [#]} 11. Be2 $146 ({Predecessor:} 11. Bd3 Qa5 12. Bd2 Rb8 13. Qc2 Ba3 14. Rb1 Ke7 15. O-O h6 16. c4 Qh5 {½-½ (16) Kadukowski,P (1863)-Lech,P (1897) Szubin 2009}) 11... Be7 12. O-O O-O 13. Rb1 Qc7 14. e4 c5 15. Be3 (15. g3 $5 ) 15... Bc6 16. f3 Bd6 17. g3 Bxg3 18. hxg3 Qxg3+ 19. Kh1 {[%emt 0:00:01] Strongly threatening Rf2.} Qh3+ 20. Kg1 {[%emt 0:00:02] Bf4 is the strong threat.} Qg3+ 21. Kh1 {[%emt 0:00:01] Threatens to win with Rf2.} f5 (21... Bxe4 $11 {remains equal.} 22. Rb2 Qh3+ 23. Kg1 Qg3+ 24. Kh1 Qh3+ 25. Kg1 Qg3+ 26. Kh1) 22. Rf2 $1 $16 (22. Bxc5 Rf6) (22. Qe1 $2 Qh3+ 23. Kg1 fxe4 $19) 22... fxe4 23. Qg1 {[%emt 0:00:18] Really sharp!} Qxg1+ 24. Kxg1 exf3 25. Bc4 ({Wrong is} 25. Bxc5 $2 Rf5 26. Bxf3 Bxf3 $19) 25... Kh8 (25... Rae8 $16 {was worth a try.} 26. Bxc5 Rf4) 26. Bxc5 $18 {[%emt 0:05:34] This bishop pair is nice.} ({Worse is} 26. Bxe6 Rfe8 27. Bd7 Bxd7 $17) 26... Rf4 27. Rb4 ({White should play} 27. Bxe6 $18 {And now Rfb2 would win.} Re8 28. Bh3) 27... a5 $11 28. Rb6 Rxc4 29. Rxc6 Rxc3 30. Rb2 h6 31. Rb3 Rc1+ 32. Kf2 {[%emt 0:00:13][%mdl 1024] White has compensation.} a4 33. Rb7 Ra5 $2 {[%emt 0:10:12] [#]} (33... Rd8 $11) 34. Rc8+ $1 $18 Kh7 {[%emt 0:00:01] [#]} 35. Bd4 {[%emt 0:00:39][%csl Gd4][%cal Rb7g7][%mdl 64] Discovered Attack} Rxc8 36. Rxg7+ {[%emt 0:00:11][%mdl 4096] Endgame KRR-KRB} Kh8 37. Rc7+ $1 {[%emt 0:00:12][%mdl 64] Discovered Attack} e5 (37... Kg8 {might work better.} 38. Rxc8+ Kf7 39. Kxf3 a3) 38. Rxc8+ {[%emt 0:00:12] KRB-KR} Kh7 39. Bc3 Rb5 40. Kxf3 Rb1 41. Bxe5 Rb4 42. Bc3 Rh4 43. a3 Kg6 44. Rc6+ Kf5 45. Rc5+ Ke6 46. Bb4 Kd7 47. Ra5 Kc6 48. Rxa4 {[%emt 0:00:02] Black must now prevent Ra5.} Kb7 $2 (48... Kb5) 49. Ra5 Kb6 50. Rf5 Ka6 51. Kg3 Rh1 52. a4 {[%emt 0:00:18][%cal Ba3a4,Ba4a5,Ba5a6][%mdl 32] Threatening mate with Rf6+.} Rb1 53. Rf6+ Kb7 54. Bd2 {[%emt 0:00:21] White threatens a5 and mate.} h5 (54... Rd1 $142 55. Bxh6 Ra1) 55. a5 Rg1+ 56. Kf2 Rg8 57. a6+ {[%emt 0:00:52] White mates.} Ka8 58. Rh6 Rf8+ 59. Ke2 h4 60. Be3 Re8 61. Rxh4 Rd8 62. Bd4 Rf8 63. Kd3 Rc8 64. Rh7 Re8 65. Kc4 Rd8 66. Bc5 Rg8 67. Kb5 Re8 68. Bd6 Rc8 69. Ka5 ({Not} 69. Kb6 Rc6+ 70. Kb5 Rxd6 $11) 69... Rd8 70. Bc5 Re8 71. Rd7 Rg8 72. Rc7 Rh8 73. Kb5 Kb8 74. Bd6 Ka8 75. Kb6 Rb8+ 76. Rb7 Rxb7+ 77. axb7# {[%emt 0:00:05] Weighted Error Value: White=0.17 (very precise) /Black=0.46} 1-0

[Event "3rd VIZAG GM-Open 2022"]
[Site "Visakapatnam"]
[Date "2022.06.16"]
[Round "9.18"]
[White "Nawin M S"]
[Black "Saravana, Krishnan P."]
[Result "0-1"]
[ECO "B11"]
[WhiteElo "1714"]
[BlackElo "2269"]
[Annotator "TA"]
[PlyCount "146"]
[EventDate "2022.06.13"]
[EventType "swiss"]
[EventCountry "IND"]
[SourceTitle "playchess.com"]
[Source "ChessBase"]
[SourceQuality "1"]
[TimeControl "5400+30"]

1. e4 c6 2. Nc3 d5 3. Nf3 Bg4 4. d4 dxe4 5. Nxe4 Nf6 6. Bd3 {[%emt 0:05:11] B11: Caro-Kann: Two Knights Variation.} (6. Nxf6+ {is interesting.} exf6 7. Bd3 Bd6 8. h3) 6... Nxe4 7. Bxe4 Nd7 8. c3 {[%emt 0:05:18] The position is equal.} Nf6 9. Bc2 Qd5 10. h3 {[%emt 0:09:15] [#]} Bh5 $146 ({Predecessor:} 10... Bxf3 11. Qxf3 Qxf3 12. gxf3 e6 13. Bg5 Nd5 14. Be4 Bd6 15. Ke2 Kd7 {0-1 (57) Anand,V (2757)-Carlsen,M (2870) Kolkata 2019}) 11. Bb3 Qe4+ 12. Qe2 Bxf3 13. gxf3 Qxe2+ 14. Kxe2 e6 15. Rd1 g6 16. c4 Bg7 17. d5 exd5 (17... cxd5 {looks sharper.} 18. cxd5 Nxd5 19. Bxd5 exd5 20. Rxd5 Rd8) 18. cxd5 Nxd5 19. Bxd5 cxd5 20. Rxd5 O-O 21. Be3 b6 22. Rd2 Rfe8 23. Rc1 Re7 24. f4 f5 25. b3 Kf7 26. Kf3 Rae8 27. Bd4 Rd8 28. Rcd1 Bxd4 (28... Red7 $5 29. Bc3 Rxd2 30. Rxd2 Rxd2 31. Bxd2 b5 $15) 29. Rxd4 Rxd4 30. Rxd4 $15 {[%emt 0:00:02][%mdl 4096] Endgame KR-KR} Rc7 31. Rc4 Rd7 32. Ke3 Ke6 33. Rd4 Re7 34. Kd3 Kf6 35. Rd6+ ({White should try} 35. a4 $11) 35... Kg7 36. Kc4 (36. Rd5 $1 $15) 36... Kh6 (36... Re2 $142 37. Rd7+ Kh6 38. Rxa7 Rxf2) 37. Kb5 (37. a4 $17) 37... Re2 $19 38. a4 Rb2 $2 {[%emt 0:02:08] [#]} ({Black should play} 38... Rxf2 $19 {Threatens to win with ...Rf3.} 39. Ka6 Rxf4 40. Kxa7 Kg5 41. Rxb6 Rd4) 39. b4 $1 $11 Rxf2 40. Rd4 g5 (40... Rb2 $5 41. Rd6 Rb3 $17) 41. fxg5+ Kxg5 {[%emt 0:00:05] aiming for ...Rf4.} 42. Ka6 (42. h4+ $11 Kf6 43. Rd6+ (43. Rd7 f4 $11) 43... Ke5 44. Rd7) 42... Ra2 (42... Re2 $1 $15 43. h4+ Kh5 44. Kxa7 Re4) 43. b5 f4 44. Kxa7 f3 {[%emt 0:00:07] [#] And now ...f2 would win.} 45. Kxb6 f2 $2 (45... Ra1 $1 $11 46. Rg4+ Kf5) 46. Rd1 $4 (46. Rg4+ $18 Kf5 47. Rg8) 46... Rxa4 47. Rf1 Ra2 48. Kc7 Kf4 (48... Rb2 $142 49. b6 Kh4 50. b7 Kg3 51. h4 Kg2 52. Rd1 f1=Q 53. Rxf1 Kxf1 54. h5 Kf2 55. h6 Kf3 56. Kc8 Kg4 57. b8=Q Rxb8+ 58. Kxb8 Kg5 59. Kc7 Kxh6 60. Kd6 Kg5 61. Ke5 h5 62. Ke4 Kg4 63. Ke3 Kg3 64. Ke2 Kg2 65. Kd3 h4 66. Ke3 h3 67. Ke4 h2 68. Kf5 Kf3 69. Kf6 h1=Q 70. Ke7 Qh6 71. Kf7 Kf4 72. Ke8 Ke5 73. Kd7 Qc1 74. Ke7 Qc7+ 75. Ke8 Kf6 76. Kf8 Qf7#) 49. b6 Rc2+ 50. Kd7 Rb2 51. Kc7 Kg3 52. b7 Kg2 53. b8=Q Rxb8 54. Rxf2+ Kxf2 55. Kxb8 {[%emt 0:00:06] KP-KP} h5 56. Kc7 h4 57. Kd6 Kg3 58. Ke5 Kxh3 {[%emt 0:00:04] KP-K} 59. Ke4 Kg2 60. Ke3 h3 61. Ke2 h2 62. Ke3 h1=Q 63. Ke4 Qh5 64. Kd4 Qb5 65. Kc3 Qa4 66. Kb2 Qc4 67. Kb1 Qc3 68. Ka2 Qb4 {[%emt 0:00:04] Black mates.} 69. Ka1 Kf3 70. Ka2 Ke3 71. Ka1 Kd3 72. Ka2 Kc2 73. Ka1 Qb2# {[%emt 0:00:08] Weighted Error Value: White=0.30/Black=0.31} 0-1

[Event "3rd VIZAG GM-Open 2022"]
[Site "Visakapatnam"]
[Date "2022.06.17"]
[Round "10.1"]
[White "Amonatov, Farrukh"]
[Black "Savchenko, Boris"]
[Result "0-1"]
[ECO "C10"]
[WhiteElo "2622"]
[BlackElo "2524"]
[Annotator "TA"]
[PlyCount "68"]
[EventDate "2022.06.13"]
[EventType "swiss"]
[EventCountry "IND"]
[SourceTitle "playchess.com"]
[Source "ChessBase"]
[SourceQuality "1"]
[TimeControl "5400+30"]

1. e4 e6 2. d4 d5 3. Nc3 dxe4 4. Nxe4 Nd7 5. Nf3 Ngf6 6. Bg5 h6 7. Nxf6+ Nxf6 8. Be3 {[%emt 0:00:05] now scores much better than the old 8.Bh4.} Nd5 9. Bd2 {[%emt 0:02:37] 9.Bd3 is vanishing. C10: French with 3 Nc3: Unusual Black 3rd moves and 3...dxe4.} c5 10. c4 Nf6 11. dxc5 {[%emt 0:12:31] The position is equal.} Bxc5 {[%emt 0:04:16] Hoping for ...Ng4.} 12. b4 Be7 13. Qc2 {[%emt 0:00:13] [#]} a5 $5 $146 {[%emt 0:03:50][%mdl 8] An interesting novelty.} ({Predecessor:} 13... O-O 14. Be2 b6 15. O-O Bb7 16. Rfd1 Qc7 17. Bc3 Rfd8 18. Be5 Qc6 19. Qb2 Rac8 {1-0 (41) Nevednichy,V (2524)-Magalashvili,D (2489) Konya 2017}) 14. b5 b6 15. Be2 Bb7 16. O-O Qc7 {[%emt 0:01:48] Prevents Bf4.} 17. Bc3 Ng4 {[%emt 0:34:23] ...Bxf3 is the strong threat.} 18. h3 h5 19. Rfd1 Bc5 $1 20. hxg4 hxg4 21. Be5 (21. Bxg7 $2 gxf3 $1 22. Bxh8 Qg3 $19) 21... Qe7 {[%emt 0:00:07] The board is on fire.} 22. Nh2 ({But not} 22. Bxg7 $2 gxf3 $1 23. Bxf3 (23. Bxh8 $2 Qg5 $19) 23... Bxf3 $1 $19) 22... Rxh2 $1 23. Bxh2 Qh4 $40 {[%emt 0:00:14][%mdl 128] Inhibits Qh7. Black has some attack.} 24. Bf1 $2 (24. Bd3 $11 {and White is okay.} g3 25. Bxg3 $1 Qxg3 26. Be4 Bxe4 27. Qxe4 Qxf2+ 28. Kh2) 24... Ke7 $1 $19 25. Bg3 $2 (25. Qd3 {is a self mate.} Bxf2+ 26. Kh1 Qxh2+ $3 27. Kxh2 Rh8+) ({Wrong is} 25. Qd2 $2 Rh8 26. Qd7+ Kf6 27. Be5+ Kg6 28. Bd3+ Kg5 29. Bf4+ Kf6 30. Be5+ Kxe5 31. Qc7+ Bd6 32. Qxd6+ Kxd6 $19) (25. Rd7+ Kxd7 26. Qd3+ Ke7 27. Qg3 Qxg3 28. Bxg3) 25... Qxg3 $1 26. Qd2 Qh4 {[%emt 0:05:39] ( -> ...Rh8)} 27. Qf4 {[%emt 0:00:36] [#]} Rh8 (27... Bxf2+ $142 $1 28. Qxf2 g3 29. Qxg3 Qxg3) 28. Qc7+ Kf6 29. Qf4+ Kg6 30. Bd3+ f5 31. Kf1 {[%emt 0:00:01] [#]} Bxg2+ $1 {[%emt 0:00:46][%mdl 512] Black mates.} 32. Ke1 Bb4+ {[%emt 0:00:13] This bishop pair is nice.} 33. Rd2 Qh1+ 34. Ke2 Bf3+ {[%emt 0:00:08] Weighted Error Value: White=0.96/Black=0.16 (very precise)} 0-1

[Event "3rd VIZAG GM-Open 2022"]
[Site "Visakapatnam"]
[Date "2022.06.17"]
[Round "10.2"]
[White "Harsha Bharathakoti"]
[Black "Paichadze, Luka"]
[Result "1/2-1/2"]
[ECO "A50"]
[WhiteElo "2547"]
[BlackElo "2567"]
[Annotator "TA"]
[PlyCount "86"]
[EventDate "2022.06.13"]
[EventType "swiss"]
[EventCountry "IND"]
[SourceTitle "playchess.com"]
[Source "ChessBase"]
[SourceQuality "1"]
[TimeControl "5400+30"]

1. d4 Nf6 2. c4 e6 3. Bf4 Bb4+ 4. Nd2 {[%emt 0:00:08] [#]} d6 $146 ({Predecessor:} 4... Nc6 5. a3 Bxd2+ 6. Qxd2 d6 7. O-O-O Qe7 8. e3 e5 9. Bg5 h6 10. Bh4 g5 11. Bg3 {½-½ (43) Duda,J (2760)-Esipenko,A (2714) Wijk aan Zee 2022}) 5. a3 Bxd2+ 6. Qxd2 {[%emt 0:00:03] A50: Queen's Fianchetto Defence (1 d4 Nf6 2 c4 b6).} Nbd7 7. e3 $1 Qe7 8. Bg3 {[%emt 0:00:49] White has an edge.} b6 9. Ne2 Ne4 10. Qc2 Bb7 11. Nc3 Ndf6 12. O-O-O Nxc3 13. Qxc3 Ne4 14. Qc2 O-O-O 15. f3 Nxg3 16. hxg3 h5 17. Bd3 Kb8 18. Kb1 g6 19. e4 h4 20. gxh4 Rxh4 21. g3 Rxh1 22. Rxh1 Qf6 23. Qf2 Rh8 24. Rxh8+ Qxh8 $11 {[%emt 0:00:02][%mdl 4096] Endgame KQB-KQB} 25. d5 e5 (25... Qh1+ {is interesting.} 26. Kc2 Bc8 27. g4 Bd7) 26. Qg1 Bc8 27. Kc2 Qh5 28. Qg2 Qh6 29. Qg1 f5 (29... Bd7 {looks sharper.} 30. b4 Ba4+ 31. Kc3 c5) 30. Kd1 Qh3 {[%emt 0:01:24] ...f4 is the strong threat.} 31. Ke2 g5 {[%emt 0:00:45] [#] Strongly threatening ...g4.} 32. Kf2 Qh7 (32... f4 {keeps more tension.} 33. Qg2 Qh7 34. g4 Qh4+) 33. Qg2 Kb7 34. Kg1 {[%emt 0:01:31] The position is equal.} fxe4 35. fxe4 Qh5 36. Qe2 Bg4 37. Qh2 Qe8 38. Be2 Qd7 39. b3 Bxe2 40. Qxe2 Qh3 41. Qf3 g4 42. Qe3 a5 43. b4 axb4 {[%emt 0:00:28] Weighted Error Value: White=0.05 (flawless) /Black=0.05 (flawless)} 1/2-1/2

[Event "3rd VIZAG GM-Open 2022"]
[Site "Visakapatnam"]
[Date "2022.06.17"]
[Round "10.4"]
[White "Nigmatov, Ortik"]
[Black "Audi Ameya"]
[Result "1/2-1/2"]
[ECO "A48"]
[WhiteElo "2463"]
[BlackElo "2389"]
[Annotator "TA"]
[PlyCount "138"]
[EventDate "2022.06.13"]
[EventType "swiss"]
[EventCountry "IND"]
[SourceTitle "playchess.com"]
[Source "ChessBase"]
[SourceQuality "1"]
[TimeControl "5400+30"]

1. Nf3 Nf6 2. e3 g6 3. b3 Bg7 4. Bb2 c5 5. d4 cxd4 6. exd4 O-O 7. Nbd2 d5 8. g3 {[%emt 0:06:53] [#] A48: 1 d4 Nf6 2 Nf3 g6: Torre, London and Colle Systems.} Bf5 $146 (8... Ne4 {looks sharper.} 9. c3 Nc6 10. Bg2 Bg4) ({Predecessor:} 8... Nc6 9. Bg2 Bf5 10. a3 Rc8 11. O-O Ne4 12. c4 Nxd2 13. Nxd2 dxc4 14. Nxc4 Nxd4 15. Bxb7 Rb8 {½-½ (56) Szalai,K (2234)-Veres,J (2142) Heves 2001}) 9. Bg2 Qc8 10. Rc1 Nc6 11. a3 {[%emt 0:06:46] Prevents Nb4.} Bh3 12. O-O Qf5 13. Re1 Bxg2 14. Kxg2 Bh6 15. Rb1 Rac8 16. h3 Rfd8 17. Nh4 Qd7 18. Nhf3 Qf5 19. Nh4 Qd7 20. Qe2 Qc7 21. Nhf3 e6 22. c4 Bxd2 23. Qxd2 Ne4 24. Qh6 {[%emt 0:00:55][%cal Oe1e4] Black must now prevent Rxe4!} Ne7 25. g4 {[%emt 0:01:12][%cal Oe1e4] Inhibits Nf5.} f6 26. Re2 {[%emt 0:04:30] [#]} (26. Rbc1 $11 {keeps the balance.} Qd6 27. Nd2) 26... g5 $1 $17 {[%emt 0:02:30] Threatens to win with ...Ng6.} 27. Rbe1 (27. Rc1 $142) 27... Ng6 28. Bc1 Rd7 29. Kg1 {[%emt 0:05:53] [#]} Rg7 $1 30. Kg2 Nf4+ (30... a5 $17 31. c5 Rf7) 31. Bxf4 $11 Qxf4 32. Nh2 $2 (32. cxd5 $11 Rc3 33. Nd2 Nxd2 34. Rxe6) 32... Rg6 $17 33. Qh5 Kg7 ({Better is} 33... Rf8 $17 {Hoping for ...f5.} 34. cxd5 f5 35. gxf5 exf5) 34. cxd5 $11 exd5 35. Nf1 $1 {[%emt 0:00:01] The position is equal.} Rc3 {[%emt 0:01:55] Against Ng3} 36. Nd2 {[%emt 0:00:55][%cal Rd2e4] Against Rf3} Rc2 (36... Nxd2 $2 37. Re7+ Kg8 38. Qxh7+ Kf8 39. Qf7#) 37. Nxe4 Rxe2 38. Rxe2 {[%emt 0:00:04] Really sharp!} dxe4 {[%emt 0:00:01][%mdl 4096] Endgame KQR-KQR} 39. Re3 {[%emt 0:00:12] Against Qf3+} b6 40. b4 b5 41. Kg1 a6 42. Kg2 Kh8 43. Kg1 Kg8 44. Rc3 Qd6 45. h4 $1 ({Don't play} 45. Rc8+ Kg7 46. d5 e3 47. fxe3 Qg3+ 48. Kf1 Qf3+ 49. Kg1 Qxe3+ 50. Kg2 (50. Kh1 Qe5 $17) 50... Qe2+ 51. Kg1 Qe3+ 52. Kf1 (52. Kh1 $2 Qe5 $19) 52... Qf4+ 53. Ke1 Qd6 $17) 45... Qd7 46. Kf1 gxh4 47. Qxh4 Qxg4 48. Qxg4 Rxg4 {[%emt 0:00:03] KR-KR} 49. Rc6 Rf4 50. Rxa6 e3 51. f3 Rxd4 52. Ke2 Kf7 53. Kxe3 Rc4 54. Kd3 Rf4 55. Ke3 Rc4 56. Ra5 Ke6 57. Rxb5 {[%emt 0:01:43] a4 is the strong threat.} Rc3+ 58. Ke4 {[%emt 0:00:13] And now a4 would win.} Rxa3 59. Rb6+ Kf7 $1 60. b5 Rb3 61. Rb8 h5 62. b6 h4 63. b7 {[%emt 0:00:06] Rh8 would kill now.} Kg7 {[%emt 0:00:04] Against Rh8} 64. Kf4 Rb4+ 65. Ke3 h3 {[%emt 0:00:28] ( -> ...h2)} 66. Kf2 Rb2+ (66... h2 $5 67. Kg2 Rb2+ 68. Kh1 f5 $11) 67. Kg1 Rg2+ 68. Kh1 {[%emt 0:00:05] White wants to mate with Ra8.} Rb2 69. Kg1 Rg2+ {[%emt 0:00:04] Weighted Error Value: White=0.13 (very precise) /Black=0.13 (very precise)} 1/2-1/2

[Event "3rd VIZAG GM-Open 2022"]
[Site "Visakapatnam"]
[Date "2022.06.17"]
[Round "10.5"]
[White "Abdurakhmonov, Mukhammadali"]
[Black "Nitin, S.."]
[Result "0-1"]
[ECO "E68"]
[WhiteElo "2308"]
[BlackElo "2399"]
[Annotator "RC"]
[PlyCount "92"]
[EventDate "2022.06.13"]
[EventType "swiss"]
[EventCountry "IND"]
[SourceTitle "playchess.com"]
[Source "ChessBase"]
[SourceQuality "1"]
[TimeControl "5400+30"]

1. d4 Nf6 2. Nf3 g6 3. c4 Bg7 4. g3 O-O 5. Bg2 d6 6. O-O Nbd7 7. Nc3 e5 8. e4 exd4 9. Nxd4 Re8 10. h3 Nc5 11. Re1 Bd7 12. b3 a5 13. Rb1 h6 14. Bb2 h5 15. Qd2 Nh7 16. Rbd1 Ng5 17. h4 Nh7 18. Ndb5 Nf6 19. Ba3 Ne6 20. f4 Ng4 21. e5 Bxb5 22. Nxb5 dxe5 23. Bxb7 Qb8 24. Qg2 Ra7 25. Bc6 Rd8 26. Rxd8+ Qxd8 27. Qd5 Ra6 28. Qxd8+ Nxd8 29. Bf3 Ne6 30. fxe5 Nxe5 31. Bb7 Rb6 32. Bg2 Nd3 33. Rd1 Nb4 34. Bc1 Be5 35. Kf2 Nxa2 36. Be3 c5 37. Rd5 Nb4 38. Rd7 Nc2 39. Bd2 Ned4 40. Bd5 Rf6+ 41. Kg2 Nf5 42. Bg5 Nfe3+ 43. Kh3 Rf2 44. Bxe3 Nxe3 45. Re7 Ng4 46. Bg2 Rb2 0-1

[Event "3rd VIZAG GM-Open 2022"]
[Site "Visakapatnam"]
[Date "2022.06.17"]
[Round "10.6"]
[White "Fedorov, Alexei"]
[Black "Gusain, Himal"]
[Result "1/2-1/2"]
[ECO "C24"]
[WhiteElo "2529"]
[BlackElo "2396"]
[Annotator "TA"]
[PlyCount "134"]
[EventDate "2022.06.13"]
[EventType "swiss"]
[EventCountry "IND"]
[SourceTitle "playchess.com"]
[Source "ChessBase"]
[SourceQuality "1"]
[TimeControl "5400+30"]

1. e4 e5 2. Bc4 Nf6 3. d3 c6 4. Nf3 d5 5. Bb3 Bb4+ 6. Bd2 Bxd2+ 7. Nbxd2 Qc7 {[%emt 0:05:11] C24: Bishop's Opening: 2...Nf6.} 8. O-O O-O 9. Re1 {[%emt 0:00:24] [#]} d4 $146 {[%emt 0:04:26] White has an edge.} ({Predecessor:} 9... a5 10. a4 Re8 11. d4 exd4 12. exd5 Rxe1+ 13. Qxe1 cxd5 14. Bxd5 Bd7 15. Bb3 Nc6 {0-1 (39) Antipov,M (2594)-Kuzubov,Y (2644) Skopje 2019}) 10. c3 c5 11. cxd4 cxd4 12. Rc1 Qe7 13. Nc4 (13. Nxd4 {keeps more tension.} exd4 14. e5 Nc6 15. exf6 Qxf6 16. Ne4) 13... Nc6 14. Ba4 Bg4 15. Bxc6 {[%emt 0:03:45] [#] Black must now prevent Ba4.} Bxf3 16. Qxf3 {[%emt 0:00:05] Strongly threatening Ba4.} (16. gxf3 bxc6 17. f4 exf4 $15) 16... bxc6 17. Qf5 Nd7 18. Na5 c5 19. Rc2 g6 20. Qh3 Rfc8 21. Rec1 Rab8 22. a3 Qe8 23. g3 Kg7 24. f4 exf4 25. gxf4 Nb6 26. f5 Nd7 27. Nc4 Rc6 {[%emt 0:00:00] Inhibits Nd6.} 28. e5 Nxe5 29. Re2 f6 30. Rce1 Rb7 31. Nxe5 fxe5 32. Rxe5 Qf7 33. Kh1 Rf6 34. fxg6 hxg6 {[%emt 0:00:00] And now ...Rf3 would win.} 35. Kg1 ({Don't play} 35. Rxc5 Rf3 36. Qg4 (36. Qg2 Rxb2 37. Rc7 Rxg2 $17) 36... Rf1+ 37. Rxf1 Qxf1+ 38. Qg1 Qxd3 $17) 35... Rf5 36. Re8 {[%emt 0:04:07][%csl Ge8][%cal Rh3h8] [#]} Rg5+ 37. Kh1 Qd5+ 38. R1e4 {[%emt 0:00:23] Intending Qh8+ and mate.} Rh5 {[%emt 0:00:00] Inhibits Qh8+.} 39. Qf3 {[%emt 0:02:20] Threatening mate with Qf8+.} Rf7 {[%emt 0:00:00] Against Qf8+} 40. R8e7 Rhf5 41. Rxf7+ Qxf7 $17 {[%emt 0:00:00][%mdl 4096] Endgame KQR-KQR} 42. Qg3 Rf3 (42... a5 $17) 43. Qe5+ $11 {[%emt 0:01:18] The position is equal.} Qf6 44. b4 $1 cxb4 ({Much worse is} 44... Qxe5 $6 45. Rxe5 cxb4 46. Kg2 Rxd3 47. axb4 $17) 45. axb4 Qxe5 46. Rxe5 Rxd3 {[%emt 0:00:00] Black wants to play ...Kf6. KR-KR} 47. Kg2 Kf6 48. Ra5 Rb3 49. Rxa7 Ke5 50. Rb7 Kf4 51. b5 Rb2+ 52. Kf1 Ke3 53. b6 Rxh2 (53... d3 $5 54. Re7+ Kf4 $11) 54. Re7+ Kd3 55. b7 Rb2 56. Kg1 g5 57. Kf1 g4 58. Kg1 $1 Kd2 59. Kg2 d3 60. Kg3 Rb4 61. Rc7 Kd1 62. Rd7 d2 63. Rc7 Ke2 64. Re7+ Kd3 65. Rd7+ Ke2 (65... Kc2 $5 66. Rc7+ Kd3 67. Rd7+ Ke4 $11) 66. Re7+ Kd3 67. Rd7+ Ke2 {[%emt 0:00:05] Weighted Error Value: White=0.04 (flawless) /Black=0.05 (flawless)} (67... Kc2 $5 68. Rc7+ Kd3 69. Rd7+ $11) 1/2-1/2

[Event "3rd VIZAG GM-Open 2022"]
[Site "Visakapatnam"]
[Date "2022.06.17"]
[Round "10.7"]
[White "Nikitenko, Mihail"]
[Black "Baghdasaryan, Vahe"]
[Result "0-1"]
[ECO "B21"]
[WhiteElo "2479"]
[BlackElo "2267"]
[Annotator "TA"]
[PlyCount "70"]
[EventDate "2022.06.13"]
[EventType "swiss"]
[EventCountry "IND"]
[SourceTitle "playchess.com"]
[Source "ChessBase"]
[SourceQuality "1"]
[TimeControl "5400+30"]

1. e4 c5 2. d3 g6 3. f4 Bg7 4. Nf3 d6 5. Be2 Nc6 6. O-O Nf6 {[%emt 0:02:05] B21: Sicilian: 2 f4 and Morra Gambit.} 7. Qe1 $1 O-O 8. Qh4 Bg4 {[%emt 0:06:18] The position is equal.} 9. Nbd2 Bxf3 10. Nxf3 Nd4 {[%emt 0:00:04] Prevents f5.} 11. Bd1 {[%emt 0:00:06][%cal Of4f5] [#]} Qb6 $146 ({Predecessor:} 11... e6 12. Ng5 h6 13. Nh3 Nd7 14. Qg3 Kh7 15. c3 Nc6 16. f5 Nde5 17. Bc2 exf5 18. exf5 gxf5 19. Rxf5 {1-0 (33) Williams,S (2444)-Guthrie,D (2192) Reading 2017}) 12. Kh1 c4 13. e5 (13. Qh3 $14) 13... Nf5 $11 14. exf6 Nxh4 $15 15. fxg7 {[%emt 0:00:05] [#]} Rfc8 16. Nxh4 cxd3 ({Don't play} 16... Kxg7 $6 17. dxc4 Rxc4 18. Nf3 $11) 17. cxd3 Qd4 18. Bb3 Qxd3 $40 {[%emt 0:01:07][%cal Rd3f1][%mdl 128] Black has some attack.} 19. Rd1 Qb5 20. Be3 a5 {[%emt 0:00:21][%cal Ba7a5,Ba5a4,Ba4a3,Ba3b2][%mdl 32] [#] aiming for ...e6.} 21. f5 {[%emt 0:01:34] Inhibits e6.} (21. Nf3 $1 $15) 21... a4 $17 22. Bd5 ({But not} 22. Rd5 $2 Qe2 23. Bd1 Qxe3 $19) 22... Kxg7 23. Bd4+ Kg8 24. Bc3 {[%emt 0:00:42] White does not recover from this.} (24. Be4 $17) 24... Rc5 $19 25. Be4 a3 ({Don't go for} 25... gxf5 $2 26. Bd3 Qd7 27. Bd4) 26. Bd4 (26. Bd3 {is a better chance.} Qa4 27. fxg6 hxg6 28. Nf3) 26... axb2 {[%emt 0:00:10] Black is clearly winning.} 27. Rab1 Qa4 {[%emt 0:03:49] And now ...Rc1 would win.} 28. Nf3 gxf5 29. Bd3 Rc1 30. Rg1 Rxg1+ 31. Bxg1 Qxa2 32. Bxf5 e6 33. Bd3 Rc8 34. Nd2 Rc1 35. h3 Qd5 {[%emt 0:00:43] Weighted Error Value: White=0.74/Black=0.28 (precise)} 0-1